| TOP OF THE 1ST |
|
San Francisco Giants batting - Pitching for Atlanta Braves : LHP Nolan Stefanski
|
|
Pitching: LHP Nolan Stefanski
|
|
|
Batting: RHB Philip Jansen
|
0-0: Called Strike 0-1: Called Strike 0-2: Ball 1-2: Fly out, F8 (Flyball, 78M, EV 89.4 MPH)
|
|
Batting: RHB Lucan Esini
|
0-0: Ball 1-0: Called Strike 1-1: Swinging Strike 1-2: Strikes out swinging
|
|
Batting: RHB Sean Zielinski
|
0-0: Called Strike 0-1: Foul Ball, location: 2F 0-2: Ball 1-2: Ground out 5-3 (Groundball, 56, EV 92.5 MPH)
|
| Top of the 1st over - 0 runs, 0 hits, 0 errors, 0 left on base; San Francisco 0 - Atlanta 0 |
| BOTTOM OF THE 1ST |
|
Atlanta Braves batting - Pitching for San Francisco Giants : RHP Keith Kidd
|
|
Pitching: RHP Keith Kidd
|
|
|
Batting: RHB Yasuhide Kasahara
|
0-0: Ball 1-0: Called Strike 1-1: Ground out 4-3 (Groundball, 4, EV 87.5 MPH)
|
|
Batting: SHB Floyd-William Goof
|
0-0: Ground out 6-3 (Groundball, 6, EV 105.0 MPH)
|
|
Batting: RHB Kevin Howard
|
0-0: Called Strike 0-1: Ball 1-1: Ball 2-1: Ball 3-1: Ground out U3 (Groundball, 3L, EV 86.2 MPH)
|
| Bottom of the 1st over - 0 runs, 0 hits, 0 errors, 0 left on base; San Francisco 0 - Atlanta 0 |
| TOP OF THE 2ND |
|
San Francisco Giants batting - Pitching for Atlanta Braves : LHP Nolan Stefanski
|
|
Batting: RHB Nate Hodson
|
0-0: Called Strike 0-1: Fly out, F9 (Flyball, 9, EV 80.6 MPH)
|
|
Batting: SHB Ryan Doss
|
0-0: Foul Ball, location: 2F 0-1: Ball 1-1: Ball 2-1: SINGLE (Line Drive, 8RS, EV 106.2 MPH)
|
|
Batting: LHB Carey Horncole
|
0-0: Ball 1-0: Ball 2-0: Ball 3-0: Base on Balls Ryan Doss to second
|
|
Batting: RHB Bill Defazio
|
0-0: Ball 1-0: Swinging Strike 1-1: Foul Ball, location: 2F 1-2: Strikes out swinging
|
|
Batting: LHB Luis Magdaleno
|
0-0: Called Strike 0-1: Called Strike 0-2: Foul Ball, location: 2F 0-2: Ball 1-2: Foul Ball, location: 2F 1-2: Fielders Choice at 2nd, 6-4 (Groundball, 56, EV 109.4 MPH)
|
| Top of the 2nd over - 0 runs, 1 hit, 0 errors, 2 left on base; San Francisco 0 - Atlanta 0 |
| BOTTOM OF THE 2ND |
|
Atlanta Braves batting - Pitching for San Francisco Giants : RHP Keith Kidd
|
|
Batting: RHB Erik Coleman
|
0-0: Ball 1-0: SINGLE (Line Drive, 7S, EV 106.2 MPH)
|
|
Batting: RHB Ike Trout
|
0-0: Foul Ball, location: 2F 0-1: Ball 1-1: SINGLE (Flyball, 56D, EV 85.6 MPH) Erik Coleman to second
|
|
Batting: LHB Evan Torraville
|
0-0: Swinging Strike 0-1: Foul Ball, location: 2F 0-2: Ball 1-2: Foul Ball, location: 2F 1-2: Ball Wild Pitch! Erik Coleman to third Ike Trout to second 2-2: Ball 3-2: Ground out 1-3 (Groundball, 13S, EV 75.6 MPH)
|
|
Batting: RHB J.J. Powers
|
0-0: Ball 1-0: Called Strike 1-1: SINGLE (Groundball, 6D, EV 94.4 MPH) Erik Coleman scores Ike Trout to third
|
|
Batting: RHB Jeremy Giesler
|
0-0: Hit by Pitch J.J. Powers to second
|
|
Batting: RHB Tade Post
|
0-0: Ball 1-0: Ball 2-0: Foul Ball, location: 2F 2-1: TRIPLE (Groundball, 3L, EV 108.8 MPH) Ike Trout scores J.J. Powers scores Jeremy Giesler scores
|
|
Batting: RHB Yasuhide Kasahara
|
0-0: Ball 1-0: Foul Ball, location: 2F 1-1: Ball 2-1: Called Strike 2-2: Strikes out swinging
|
|
Batting: SHB Floyd-William Goof
|
0-0: Ball 1-0: Swinging Strike 1-1: Swinging Strike 1-2: Foul Ball, location: 2F 1-2: Fly out, F8 (Flyball, 8RD, EV 91.2 MPH)
|
| Bottom of the 2nd over - 4 runs, 4 hits, 0 errors, 1 left on base; San Francisco 0 - Atlanta 4 |
| TOP OF THE 3RD |
|
San Francisco Giants batting - Pitching for Atlanta Braves : LHP Nolan Stefanski
|
|
Batting: RHB C.J. Sagle
|
0-0: Foul Ball, location: 2F 0-1: Foul Ball, location: 2F 0-2: Ball 1-2: Ball 2-2: Ball 3-2: Foul Ball, location: 2F 3-2: Fly out, F6 (Popup, 6MS, EV 80.6 MPH)
|
|
Batting: RHB Philip Jansen
|
0-0: Called Strike 0-1: Ball 1-1: Swinging Strike 1-2: Ball 2-2: Strikes out swinging
|
|
Batting: RHB Lucan Esini
|
0-0: Ball 1-0: Called Strike 1-1: Ball 2-1: Foul Ball, location: 2F 2-2: Ball 3-2: Base on Balls
|
|
Batting: RHB Sean Zielinski
|
0-0: Called Strike 0-1: Foul Ball, location: 2F 0-2: Ball 1-2: Foul Ball, location: 2F 1-2: Foul Ball, location: 2F 1-2: Ground out 1-3 (Groundball, P, EV 68.8 MPH)
|
| Top of the 3rd over - 0 runs, 0 hits, 0 errors, 1 left on base; San Francisco 0 - Atlanta 4 |
| BOTTOM OF THE 3RD |
|
Atlanta Braves batting - Pitching for San Francisco Giants : RHP Keith Kidd
|
|
Batting: RHB Kevin Howard
|
0-0: Called Strike 0-1: Swinging Strike 0-2: Foul Ball, location: 2F 0-2: Ball 1-2: Ground out 6-3 (Groundball, 6, EV 83.1 MPH)
|
|
Batting: RHB Erik Coleman
|
0-0: Ball 1-0: Ball 2-0: Foul Ball, location: 2F 2-1: Fly out, F6 (Popup, 6MS, EV 71.2 MPH)
|
|
Batting: RHB Ike Trout
|
0-0: Called Strike 0-1: Foul Ball, location: 2F 0-2: Ball 1-2: Foul Ball, location: 2F 1-2: Foul Ball, location: 2F 1-2: SINGLE (Groundball, 34D, EV 96.9 MPH)
|
|
Batting: LHB Evan Torraville
|
0-0: Fly out, F8 (Flyball, 78D, EV 94.4 MPH)
|
| Bottom of the 3rd over - 0 runs, 1 hit, 0 errors, 1 left on base; San Francisco 0 - Atlanta 4 |
| TOP OF THE 4TH |
|
San Francisco Giants batting - Pitching for Atlanta Braves : LHP Nolan Stefanski
|
|
Batting: RHB Nate Hodson
|
0-0: Ball 1-0: Ball 2-0: Ball 3-0: Called Strike 3-1: Ground out 6-3 (Groundball, 6, EV 86.9 MPH)
|
|
Batting: SHB Ryan Doss
|
0-0: Ball 1-0: Called Strike 1-1: Ball 2-1: Ball 3-1: Base on Balls
|
|
Batting: LHB Carey Horncole
|
0-0: Called Strike 0-1: 2-RUN HOME RUN (Flyball, 89XD, EV 98.1 MPH), Distance : 409 ft
|
|
Batting: RHB Bill Defazio
|
0-0: Foul Ball, location: 2F 0-1: Called Strike 0-2: Ball 1-2: Strikes out looking
|
|
Batting: LHB Luis Magdaleno
|
0-0: Swinging Strike 0-1: Ball 1-1: SINGLE (Groundball, 6D, EV 107.5 MPH)
|
|
Batting: RHB C.J. Sagle
|
0-0: Called Strike 0-1: Swinging Strike 0-2: Hit by Pitch Luis Magdaleno to second
|
|
Batting: RHB Philip Jansen
|
0-0: Ball 1-0: DOUBLE (Groundball, 5L, EV 104.4 MPH) Luis Magdaleno scores C.J. Sagle to third Runner from 3rd tries for Home, SAFE, throw by LF to trailing runner, OUT at third! 7-3-5
|
| Top of the 4th over - 4 runs, 3 hits, 0 errors, 0 left on base; San Francisco 4 - Atlanta 4 |
| BOTTOM OF THE 4TH |
|
Atlanta Braves batting - Pitching for San Francisco Giants : RHP Keith Kidd
|
|
Batting: RHB J.J. Powers
|
0-0: Called Strike 0-1: Fly out, F8 (Flyball, 89D, EV 97.5 MPH)
|
|
Batting: RHB Jeremy Giesler
|
0-0: Ball 1-0: Ball 2-0: Called Strike 2-1: Ball 3-1: Foul Ball, location: 2F 3-2: Foul Ball, location: 2F 3-2: Base on Balls
|
|
Batting: RHB Tade Post
|
0-0: Swinging Strike 0-1: Fly out, F7 (Flyball, 7, EV 89.4 MPH)
|
|
Batting: RHB Yasuhide Kasahara
|
0-0: Fly out, F8 (Flyball, 8RS, EV 83.1 MPH)
|
| Bottom of the 4th over - 0 runs, 0 hits, 0 errors, 1 left on base; San Francisco 4 - Atlanta 4 |
| TOP OF THE 5TH |
|
San Francisco Giants batting - Pitching for Atlanta Braves : LHP Nolan Stefanski
|
|
Batting: RHB Lucan Esini
|
0-0: Fly out, F9 (Line Drive, 9LM, EV 99.4 MPH)
|
|
Batting: RHB Sean Zielinski
|
0-0: Ball 1-0: Ball 2-0: Ball 3-0: Called Strike 3-1: Called Strike 3-2: Foul Ball, location: 2F 3-2: Strikes out swinging
|
|
Batting: RHB Nate Hodson
|
0-0: Ball 1-0: Ball 2-0: Called Strike 2-1: Foul Ball, location: 2F 2-2: Foul Ball, location: 2F 2-2: Strikes out swinging
|
| Top of the 5th over - 0 runs, 0 hits, 0 errors, 0 left on base; San Francisco 4 - Atlanta 4 |
| BOTTOM OF THE 5TH |
|
Atlanta Braves batting - Pitching for San Francisco Giants : RHP Keith Kidd
|
|
Batting: SHB Floyd-William Goof
|
0-0: Called Strike 0-1: Foul Ball, location: 2F 0-2: Ball 1-2: Foul Ball, location: 2F 1-2: Ball 2-2: SOLO HOME RUN (Flyball, 9LD, EV 95.6 MPH), Distance : 360 ft
|
|
Pitching: RHP Jorge Sosa
|
|
|
Batting: RHB Kevin Howard
|
0-0: Ball 1-0: Foul Ball, location: 2F 1-1: Ball 2-1: Ground out 4-3 (Groundball, 4, EV 92.5 MPH)
|
|
Batting: RHB Erik Coleman
|
0-0: Ball 1-0: Fly out, F8 (Flyball, 8LXD, EV 93.1 MPH)
|
|
Batting: RHB Ike Trout
|
0-0: SOLO HOME RUN (Flyball, 9D, EV 98.8 MPH), Distance : 396 ft
|
|
Batting: LHB Evan Torraville
|
0-0: Ball 1-0: Called Strike 1-1: Swinging Strike 1-2: Strikes out looking
|
| Bottom of the 5th over - 2 runs, 2 hits, 0 errors, 0 left on base; San Francisco 4 - Atlanta 6 |
| TOP OF THE 6TH |
|
San Francisco Giants batting - Pitching for Atlanta Braves : LHP Nolan Stefanski
|
|
Batting: SHB Ryan Doss
|
0-0: Foul Ball, location: 2F 0-1: Swinging Strike 0-2: Foul Ball, location: 2F 0-2: Foul Ball, location: 2F 0-2: Ball 1-2: Ball 2-2: Ball 3-2: Strikes out swinging
|
|
Batting: LHB Carey Horncole
|
0-0: Swinging Strike 0-1: Foul Ball, location: 2F 0-2: Ball 1-2: Foul Ball, location: 2F 1-2: Foul Ball, location: 2F 1-2: Foul Ball, location: 2F 1-2: Foul Ball, location: 2F 1-2: TRIPLE (Flyball, 89XD, EV 95.6 MPH)
|
|
Pitching: RHP Brendan Graham
|
|
|
Batting: RHB Bill Defazio
|
0-0: Ground out 6-3 (Groundball, 6, EV 87.5 MPH) Carey Horncole scores
|
|
Batting: LHB Luis Magdaleno
|
0-0: Swinging Strike 0-1: Ball 1-1: Foul Ball, location: 2F 1-2: Foul Ball, location: 2F 1-2: Ball 2-2: Ground out 6-3 (Groundball, 6, EV 108.1 MPH)
|
| Top of the 6th over - 1 run, 1 hit, 0 errors, 0 left on base; San Francisco 5 - Atlanta 6 |
| BOTTOM OF THE 6TH |
|
Atlanta Braves batting - Pitching for San Francisco Giants : RHP Jorge Sosa
|
|
Batting: RHB J.J. Powers
|
0-0: Ball 1-0: DOUBLE (Line Drive, 9LM, EV 107.5 MPH)
|
|
Batting: RHB Jeremy Giesler
|
0-0: Ball 1-0: Foul Ball, location: 2F 1-1: SINGLE (Groundball, 6S, EV 66.2 MPH) (infield hit) J.J. Powers to third
|
|
Batting: RHB Tade Post
|
0-0: Ball 1-0: Ball 2-0: Ball 3-0: Called Strike 3-1: Ground out 5-3 (Groundball, 5, EV 83.8 MPH) Jeremy Giesler to second
|
|
Batting: RHB Yasuhide Kasahara
|
0-0: Ball Wild Pitch! J.J. Powers scores Jeremy Giesler to third 1-0: Ball 2-0: Foul Ball, location: 2F 2-1: Ground out 6-3 (Groundball, 6MS, EV 86.2 MPH) Jeremy Giesler scores
|
|
Batting: SHB Floyd-William Goof
|
0-0: Ball 1-0: Called Strike 1-1: Ball 2-1: Ball 3-1: Base on Balls
|
|
Pitching: RHP Lorenzo de Jesus
|
|
|
Batting: RHB Kevin Howard
|
0-0: Called Strike 0-1: Called Strike 0-2: Ball 1-2: Ball 2-2: Ball 3-2: Strikes out looking
|
| Bottom of the 6th over - 2 runs, 2 hits, 0 errors, 1 left on base; San Francisco 5 - Atlanta 8 |
| TOP OF THE 7TH |
|
San Francisco Giants batting - Pitching for Atlanta Braves : RHP Brendan Graham
|
|
Batting: RHB C.J. Sagle
|
0-0: Ball 1-0: Ground out 6-3 (Groundball, 6MD, EV 100.0 MPH)
|
|
Batting: RHB Philip Jansen
|
0-0: Ball 1-0: Fly out, F7 (Flyball, 7, EV 88.1 MPH)
|
|
Batting: RHB Lucan Esini
|
0-0: Ball 1-0: Foul Ball, location: 2F 1-1: Ball 2-1: Ball 3-1: Swinging Strike 3-2: Base on Balls
|
|
Batting: RHB Sean Zielinski
|
0-0: Ball 1-0: Swinging Strike 1-1: Fly out, F7 (Flyball, 7D, EV 100.0 MPH)
|
| Top of the 7th over - 0 runs, 0 hits, 0 errors, 1 left on base; San Francisco 5 - Atlanta 8 |
| BOTTOM OF THE 7TH |
|
Atlanta Braves batting - Pitching for San Francisco Giants : RHP Lorenzo de Jesus
|
|
Batting: RHB Erik Coleman
|
0-0: Ball 1-0: Ball 2-0: Called Strike 2-1: Ball 3-1: Foul Ball, location: 2F 3-2: Foul Ball, location: 2F 3-2: Ground out 4-3 (Groundball, 4MS, EV 91.9 MPH)
|
|
Batting: RHB Ike Trout
|
0-0: Ball 1-0: Swinging Strike 1-1: Ball 2-1: Ball 3-1: Fly out, F8 (Flyball, 8LD, EV 104.4 MPH)
|
|
Batting: LHB Evan Torraville
|
0-0: Ball 1-0: Swinging Strike 1-1: Swinging Strike 1-2: Strikes out swinging, 2-3 out at first.
|
| Bottom of the 7th over - 0 runs, 0 hits, 0 errors, 0 left on base; San Francisco 5 - Atlanta 8 |
| TOP OF THE 8TH |
|
San Francisco Giants batting - Pitching for Atlanta Braves : RHP Brendan Graham
|
|
Pitching: LHP Justin Hawk
|
|
|
Batting: RHB Nate Hodson
|
0-0: Called Strike 0-1: Called Strike 0-2: Foul Ball, location: 2F 0-2: Ground out 4-3 (Groundball, 4S, EV 77.5 MPH)
|
|
Batting: SHB Ryan Doss
|
0-0: Ball 1-0: Ball 2-0: Called Strike 2-1: Ground out 6-3 (Groundball, P, EV 89.4 MPH)
|
|
Batting: LHB Carey Horncole
|
0-0: Swinging Strike 0-1: Foul Ball, location: 2F 0-2: Ground out 4-3 (Groundball, 4, EV 107.5 MPH)
|
| Top of the 8th over - 0 runs, 0 hits, 0 errors, 0 left on base; San Francisco 5 - Atlanta 8 |
| BOTTOM OF THE 8TH |
|
Atlanta Braves batting - Pitching for San Francisco Giants : RHP Lorenzo de Jesus
|
|
Pitching: RHP Josh Lister
|
|
|
Batting: RHB J.J. Powers
|
0-0: Called Strike 0-1: Ball 1-1: Ball 2-1: Ground out 5-3 (Groundball, 5S, EV 62.5 MPH)
|
|
Batting: RHB Jeremy Giesler
|
0-0: SINGLE (Line Drive, 8LS, EV 102.5 MPH)
|
|
Batting: RHB Tade Post
|
0-0: Ball 1-0: Called Strike 1-1: 2-RUN HOME RUN (Flyball, 7D, EV 98.8 MPH), Distance : 387 ft
|
|
Batting: RHB Yasuhide Kasahara
|
0-0: Ball 1-0: Ball 2-0: Foul Ball, location: 2F 2-1: Foul Ball, location: 2F 2-2: Foul Ball, location: 2F 2-2: Ground out 5-3 (Groundball, 56S, EV 83.1 MPH)
|
|
Batting: SHB Floyd-William Goof
|
0-0: Ball 1-0: Ball 2-0: Called Strike 2-1: Ball 3-1: Base on Balls
|
|
Batting: RHB Kevin Howard
|
0-0: Called Strike Floyd-William Goof is caught stealing 2nd base 2-4
|
| Bottom of the 8th over - 2 runs, 2 hits, 0 errors, 0 left on base; San Francisco 5 - Atlanta 10 |
| TOP OF THE 9TH |
|
San Francisco Giants batting - Pitching for Atlanta Braves : LHP Justin Hawk
|
|
Batting: RHB Bill Defazio
|
0-0: Ball 1-0: Ball 2-0: Ball 3-0: Base on Balls
|
|
Batting: LHB Luis Magdaleno
|
0-0: Called Strike 0-1: Swinging Strike 0-2: Ball 1-2: Ball Wild Pitch! Bill Defazio to second 2-2: Ground out 6-3 (Groundball, 6, EV 95.0 MPH) Bill Defazio to third
|
|
Batting: RHB C.J. Sagle
|
0-0: Called Strike 0-1: Ball Steal of home, Bill Defazio is out 1-1: Foul Ball, location: 2F 1-2: Ground out 6-3 (Groundball, 6, EV 91.9 MPH)
|
| Top of the 9th over - 0 runs, 0 hits, 0 errors, 0 left on base; San Francisco 5 - Atlanta 10 |
|